 Dungeon Crawl Stone Soup version 0.31-a0-931-g7b59d4eb97 (webtiles) character file.

Game seed: 11267848129983614287

9438 senseless the Grappler (level 11, -1/107 HPs)
             Began as a Troll Shapeshifter on Oct 19, 2023.
             Was a High Priest of Okawaru.
             Killed from afar by Erolcha (28 damage)
             ... with a fireball
             ... on level 9 of the Dungeon.
             The game lasted 00:20:55 (6422 turns).

senseless the Grappler (Troll Shapeshifter)         Turns: 6422, Time: 00:20:55

Health: -1/107     AC: 15    Str: 24    XL:     11   Next: 23%
Magic:  10/10      EV: 11    Int:  6    God:    Okawaru [*****.]
Gold:   285        SH:  0    Dex: 19    Spells: 10/10 levels left

rFire   . .          .
                       - Unarmed
rCold   . . .        (no shield)
rNeg    + . .        s - +1 pearl dragon scales
rPois   .            (helmet currently unavailable)
rElec   .            (cloak currently unavailable)
rCorr   .            (gloves unavailable)
SInv    .            (boots unavailable)
Will    .....        n - amulet of regeneration Stlth
                     p - +6 ring of dexterity
HPRegen 1.97/turn    (no ring)
MPRegen 0.12/turn

%: no passive effects
@: beast-form
A: beast (slay +4), large, unfitting armour, claws 3, regeneration 1, shaggy fur
1, tough skin 1
a: Begin Untransformation, Renounce Religion, Heroism, Finesse, Duel


You were on level 9 of the Dungeon.
You worshipped Okawaru.
Okawaru was extremely pleased with you.
You were a hulking beast.
You visited 1 branch of the dungeon, and saw 9 of its levels.

You collected 591 gold pieces.
You spent 306 gold pieces at shops.

Inventory:

Hand Weapons
 l - the +3 whip of Roushraze {freeze, MP+9 Int+7}
   (You found it on level 3 of the Dungeon)

   Int+7:     It affects your intelligence (+7).
   MP+9:      It affects your magic capacity (+9).
 z - a +5 heavy war axe
 D - the +2 long sword of Vaatoibb {heavy, +Blink}
   (You took it off a centaur on level 7 of the Dungeon)

   +Blink:    It lets you blink.
Missiles
 a - 4 silver javelins
 i - 2 large rocks
 t - 11 atropa-tipped darts
Armour
 f - the +5 robe of Chimes {Harm rF+ Will+}
   (You found it on level 8 of the Dungeon)

   rF+:       It protects you from fire.
   Will+:     It increases your willpower.
   Harm:      It increases damage dealt and taken.
 g - a +0 cloak
 s - +1 pearl dragon scales (worn)
 G - +0 steam dragon scales
Jewellery
 h - an amulet of magic regeneration
 n - an amulet of regeneration (around neck)
 p - a +6 ring of dexterity (left claw)
 E - a ring of ice
 F - a ring of fire
Talismans
 c - a beast talisman (active)
 d - a flux talisman
Wands
 k - a wand of paralysis (15)
Scrolls
 j - 3 scrolls of identify
 y - a scroll of revelation {unknown}
 H - a scroll of fog {unknown}
Potions
 b - 3 potions of haste
 e - 7 potions of curing
 m - a potion of cancellation
 u - a potion of magic
 x - a potion of attraction
 A - a potion of might
 B - a potion of heal wounds
 C - a potion of brilliance


   Skills:
 + Level 6.7 Fighting
 + Level 5.8 Armour
 + Level 7.0 Dodging
 + Level 8.7 Unarmed Combat
 + Level 8.1 Shapeshifting


You had 10 spell levels left.
You didn't know any spells.
Your spell library contained the following spells:

 Spells                   Type           Power      Damage    Failure   Level
 Frozen Ramparts          Ice            0%         1d1       99%         3
 Petrify                  Tmut/Erth      0%         N/A       100%        4
 Metabolic Englaciation   Hex/Ice        0%         N/A       100%        5


Dungeon Overview and Level Annotations

Branches:
Dungeon (9/15)             Temple (0/1) D:4             Orc (0/2) D:9
   Lair: D:8-11

Altars:
Ashenzari
Cheibriados
Fedhas
Hepliaklqana
Kikubaaqudgha
Makhleb
Nemelex Xobeh
Okawaru
Ru
Trog
Vehumet
Wu Jian
Yredelemnul

Shops:
D:2 *   D:7 (!   D:9 (

Annotations:
D:9 Erolcha


Innate Abilities, Weirdness & Mutations

You are a hulking beast.
Your limbs bulge with bestial killing power. (Slay +4)
You are too large for most types of armour.
You have claws for hands.
Your natural rate of healing is unusually fast.
You are covered in fur. (AC +1)
You have tough skin. (AC +1)


Message History

No target in view!
No target in view!
No target in view!
No target in view!
No target in view!
No target in view!
No target in view!
No target in view!
No target in view!
No target in view!
No target in view!
No target in view!
No target in view!
No target in view!
No target in view!
No target in view!
Something hits you!!
You claw something! Something hits you!!
* * * LOW HITPOINT WARNING * * *
You scratch something. You mangle something!!
You hear some strange, mumbled words.
You see here 2 large rocks.
i - 2 large rocks
There is a strange disturbance nearby!
You are too injured to fight recklessly!
You are too injured to fight recklessly!
You hear some strange, mumbled words.
A fireball appears from out of thin air!
The fireball explodes!
The fireball engulfs you!
* * * LOW HITPOINT WARNING * * *
Something hits you!
* * * LOW HITPOINT WARNING * * *
You miss something. You claw something! You claw something.
You hear some strange, mumbled words.
You hear some strange, mumbled words.
A fireball appears from out of thin air!
The fireball explodes!
The fireball engulfs you!!
You die...

#.# #.# #.# #.# #.#
##### ### #.### #...
#.#######.#.####.#
......††...#....h##
..#######.#.####..##
.## #.#.# ##.†#
.#### #†#.# ##.#
....# #.#.# #.#
.##.# #.#.#
#.{...... .##.###
#.#.# #########
......# #.#.#
.##.#.# #.#


There were no monsters in sight!

Vanquished Creatures
  2 two-headed ogres (D:8)
  The ghost of Dirtsage the Martial Artist, a novice OpSh of Wu Jian (D:8)
  A moth of wrath (D:8)
  Jeremiah (D:8)
  Maggie (D:7)
  Grinder (D:6)
  Sigmund (D:2)
  A wyvern (D:8)
  16 yaks (D:9)
  A steam dragon (D:6)
  Menkaure (D:5)
  3 black bears
  7 orc warriors
  2 ice beasts
  2 sky beasts (D:7)
  An ogre (D:4)
  A phantom (D:5)
  2 centaurs
  3 kobold brigands
  7 bullfrogs
  2 gnoll sergeants
  2 scorpions (D:5)
  5 wights (D:7)
  4 killer bees (D:8)
  5 hounds
  2 orc priests
  2 gnoll boudas
  An iron imp (D:4)
  3 sleepcaps
  4 iguanas
  3 orc wizards
  18 gnolls
  12 adders
  A white imp (D:8)
  2 ufetubi (D:6)
  A worm (D:5)
  16 orcs
  3 ball pythons
  10 endoplasms
  A giant cockroach (D:3)
  6 hobgoblins
  3 jackals (D:1)
  5 quokkas
  9 bats
  A frilled lizard (D:1)
  7 goblins
  17 kobolds
  3 rats
  A spectral goblin (D:3)
204 creatures vanquished.

Notes
Turn   | Place    | Note
-------+----------+-------------------------------------------
     0 | D:1      | senseless the Troll Shapeshifter began the quest for the
                  | Orb.
     0 | D:1      | Reached XP level 1. HP: 18/18 MP: 0/0
    49 | D:1      | Reached skill level 1 in Fighting
    75 | D:1      | Reached XP level 2. HP: 24/27 MP: 1/1
   306 | D:1      | Found a faded altar of an unknown god.
   311 | D:1      | Reached XP level 3. HP: 31/33 MP: 2/2
   318 | D:1      | Prayed at the altar of an unknown god.
   318 | D:1      | Became a worshipper of Warmaster Okawaru
   318 | D:1      | Reached * piety under Okawaru
   748 | D:2      | Reached XP level 4. HP: 5/41 MP: 3/3
   842 | D:2      | Noticed Sigmund
   843 | D:2      | Found Zilax's General Store.
   857 | D:2      | Killed Sigmund
   857 | D:2      | Reached ** piety under Okawaru
   858 | D:2      | Reached XP level 5. HP: 36/50 MP: 4/4
   875 | D:2      | Bought a potion of curing for 42 gold pieces
  1075 | D:3      | Found a hazy altar of Hepliaklqana.
  1248 | D:3      | Reached XP level 6. HP: 59/59 MP: 5/5
  1311 | D:3      | Identified the +3 whip of Roushraze {freeze, MP+9 Int+7}
  1668 | D:4      | Reached *** piety under Okawaru
  1679 | D:4      | Found a staircase to the Ecumenical Temple.
  1787 | D:4      | Found an ornate altar of the Wu Jian Council.
  2001 | D:4      | Found a snail-covered altar of Cheibriados.
  2514 | D:4      | Reached XP level 7. HP: 66/66 MP: 6/6
  2652 | D:5      | Entered Level 5 of the Dungeon
  2701 | D:5      | Found a bloodstained altar of Trog.
  2761 | D:5      | Reached skill level 5 in Unarmed Combat
  2878 | D:5      | Reached skill level 1 in Armour
  2992 | D:5      | Reached skill level 5 in Shapeshifting
  3037 | D:5      | Noticed Menkaure
  3069 | D:5      | Reached **** piety under Okawaru
  3070 | D:5      | Reached XP level 8. HP: 19/76 MP: 7/7
  3269 | D:5      | Killed Menkaure
  3595 | D:6      | Found a broken altar of Ashenzari.
  3827 | D:6      | Noticed Grinder
  3847 | D:6      | Paralysed by Grinder for 5 turns
  3853 | D:6      | Killed Grinder
  4186 | D:7      | Found a sacrificial altar of Ru.
  4232 | D:7      | Reached XP level 9. HP: 85/85 MP: 8/8
  4252 | D:7      | Reached skill level 5 in Dodging
  4328 | D:7      | Found Uwoeluc's Distillery.
  4336 | D:7      | Bought a potion of degeneration for 11 gold pieces
  4336 | D:7      | Bought a potion of might for 44 gold pieces
  4336 | D:7      | Bought a potion of heal wounds for 55 gold pieces
  4336 | D:7      | Bought a potion of brilliance for 44 gold pieces
  4336 | D:7      | Bought a potion of haste for 110 gold pieces
  4412 | D:7      | Reached ***** piety under Okawaru
  4544 | D:7      | Found Qafiar's Weapon Shoppe.
  4546 | D:7      | Noticed a +0 lajatang
  4605 | D:7      | Identified the +2 long sword of Vaatoibb {heavy, +Blink}
  4610 | D:7      | Reached skill level 5 in Fighting
  4779 | D:7      | Noticed Maggie
  4793 | D:7      | Killed Maggie
  5131 | D:8      | Noticed a two-headed ogre
  5134 | D:8      | Found an ancient bone altar of Kikubaaqudgha.
  5140 | D:8      | Killed a two-headed ogre
  5140 | D:8      | Received a gift from Okawaru
  5236 | D:8      | Found a transporter.
  5241 | D:8      | Noticed a moth of wrath
  5242 | D:8      | Noticed Dirtsage's ghost (novice OpSh)
  5255 | D:8      | Found a transporter.
  5364 | D:8      | Noticed Jeremiah
  5463 | D:8      | Killed Jeremiah
  5464 | D:8      | Reached XP level 10. HP: 49/89 MP: 9/9
  5571 | D:8      | Noticed a two-headed ogre
  5579 | D:8      | Killed a two-headed ogre
  5766 | D:8      | Found an iron altar of Okawaru.
  5828 | D:8      | Found a radiant altar of Vehumet.
  5829 | D:8      | Found a burning altar of Makhleb.
  5831 | D:8      | Found a basalt altar of Yredelemnul.
  5832 | D:8      | Found a blossoming altar of Fedhas.
  5967 | D:8      | Killed Dirtsage's ghost
  5968 | D:8      | Reached skill level 5 in Armour
  5974 | D:8      | Identified the +5 robe of Chimes {Harm rF+ Will+}
  5983 | D:8      | Killed a moth of wrath
  5997 | D:8      | Received a gift from Okawaru
  6113 | D:9      | Found Xopleggusk's Weapon Emporium.
  6114 | D:9      | Found a staircase to the Orcish Mines.
  6245 | D:9      | Found a sparkling altar of Nemelex Xobeh.
  6261 | D:9      | Reached XP level 11. HP: 91/107 MP: 10/10
  6388 | D:9      | Noticed Erolcha
  6395 | D:9      | Received a gift from Okawaru
  6422 | D:9      | Killed from afar by Erolcha

Illustrated notes

Levels and vault maps discovered:
D:1:      wheals_arrival_linesprint, layout_rooms,
          dreamdust_ecumenical_altar_grove, minmay_crystal_water
D:2:      layout_rooms, serial_shops, shop, uniq_sigmund
D:3:      minmay_diamond_boxcup, layout_basic,
          nicolae_hepliaklqana_monster_ancestors
D:4:      layout_layer_cave, mainiacjoe_overflow_catwalk, chei_slow_surprise,
          minmay_temple_entry_gardened_gates, grunt_ministairs_10
D:5:      black_bear_nest_1, layout_rooms, mainiacjoe_overflow_alcove_2,
          kennysheep_small_circle, uniq_menkaure
D:6:      layout_cave_pods, ashenzari_conservatory_becter, serial_glass,
          glass_columns_a, glass_columns_c, uniq_grinder
D:7:      nicolae_cairo_tiling_large_dashed, layout_gridville,
          kennysheep_mini_moat, serial_shops, nicolae_shop_mannequins, shop,
          minmay_diced_spiral, uniq_maggie
D:8:      layout_basic, mainiacjoe_overflow_alcove_1, minitemple,
          kiku_gazebo_pond_becter, gammafunk_ghost_berserking_beasts,
          serial_rivers, chequers_serial_rivers_micro_b,
          chequers_serial_rivers_micro_a, chequers_serial_rivers_small_b,
          chequers_serial_rivers_micro_b, chequers_serial_rivers_marsh,
          kennysheep_potato, uniq_jeremiah
D:9:      layout_loops_ring, lemuel_doored_altar, mainiacjoe_overflow_alcove_4,
          mainiacjoe_overflow_paths, orc_david_3, serial_shops,
          nicolae_shop_window_shopping, uniq_erolcha, uniq_grum

Skill      XL: |  1  2  3  4  5  6  7  8  9 10 11 |
---------------+----------------------------------+-----
Fighting       | 1 2 3 4 5 6 |  6.7
Dodging        | 2 3 4 5 6 7 |  7.0
Unarmed Combat | 4 5 6 7 8 |  8.7
Shapeshifting  | 4 5 6 7 8 |  8.1
Armour         | 1 3 4 5 |  5.8

Action                     |  1- 3 |  4- 6 |  7- 9 | 10-12 || total
---------------------------+-------+-------+-------+-------++-------
  Melee: Unarmed           |    75 |    31 |   146 |   227 ||   479
         Punch             |     1 |     5 |    17 |    15 ||    38
         Whip              |       |    54 |   197 |       ||   251
  Throw: Dart              |       |       |     1 |       ||     1
 Invoke: Heroism           |       |       |       |     2 ||     2
         Finesse           |       |       |       |     1 ||     1
  Evoke: Wand              |       |       |     2 |       ||     2
    Use: Potion            |       |       |     2 |     1 ||     3
         Scroll            |       |       |     9 |     2 ||    11
   Stab: Sleeping          |       |     1 |       |       ||     1
 Armour: Animal skin       |    47 |    37 |     1 |       ||    85
         Pearl dragon scal |       |       |   314 |   195 ||   509
         Skin              |       |       |    51 |       ||    51
  Dodge: Dodged            |    36 |    39 |   146 |   145 ||   366

Table legend: (Time is in decaauts)
 A = Elapsed time spent in this place.
 B = Non-inter-level travel time spent in this place.
 C = Inter-level travel time spent in this place.
 D = Time resting spent in this place.
 E = Time spent auto-exploring this place.
 F = Levels seen in this place.
 G = Mean time per level.
                   A        B        C        D        E       F      G
               +--------+--------+--------+--------+--------+-----+--------+
         Total |   6376 |   6060 |    316 |     99 |   4506 |   9 |  708.4 |
       Dungeon |   6376 |   6060 |    316 |     99 |   4506 |   9 |  708.4 |
               +--------+--------+--------+--------+--------+-----+--------+

Top non-repeatable levels by time:
     D:4: 1081 daAuts
     D:8: 953 daAuts
     D:7: 923 daAuts
     D:6: 837 daAuts
     D:5: 643 daAuts
     D:3: 607 daAuts
     D:1: 599 daAuts
     D:2: 413 daAuts
     D:9: 315 daAuts
